 Dungeon Crawl Stone Soup version 0.31-a0-940-gdaa99269f9 (webtiles) character file.

Game seed: 16156676201811299468

1584 avis the Nimble (level 8, -4/34 HPs)
             Began as a Felid Artificer on Oct 20, 2023.
             Slain by an orc warrior
             ... wielding a +0 flail
              (7 damage)
             ... on level 6 of the Dungeon.
             The game lasted 00:35:03 (5875 turns).

avis the Nimble (Felid Artificer)                   Turns: 5875, Time: 00:35:03

Health: -4/34      AC:  2    Str: 10    XL:     8   Next: 61%
Magic:  18/18      EV: 27    Int: 13    God:
Gold:   275        SH:  5    Dex: 16    Spells: 7/7 levels left
                                        Lives:  0   Deaths: 3

rFire   . .          .
                       - Unarmed
rCold   . . .        (shield unavailable)
rNeg    . . .        (body armour unavailable)
rPois   .            (helmet unavailable)
rElec   .            (cloak unavailable)
rCorr   .            (gloves unavailable)
SInv    +            (boots unavailable)
Will    +....        r - amulet of reflection
Stlth   ++           n - +5 ring of evasion
HPRegen 0.25/turn    p - ring of magical power
MPRegen 0.16/turn

%: reflection
@: quick
A: very small, claws 1, fangs 3, see invisible, speed 1, shaggy fur 2, stealthy
paws, no weapons or thrown items, no armour, multi-lived
a: no special abilities


You were on level 6 of the Dungeon.
You visited 1 branch of the dungeon, and saw 6 of its levels.

You collected 275 gold pieces.

Inventory:

Jewellery
 n - a +5 ring of evasion (left paw)
 o - an amulet of faith
 p - a ring of magical power (right paw)
 r - an amulet of reflection (around neck)
 v - a ring of ice
Talismans
 l - a blade talisman
Wands
 a - a wand of flame (12) (quivered)
 b - a wand of charming (11)
 s - a wand of roots (4)
Scrolls
 c - a scroll of butterflies {unknown}
 d - 3 scrolls of identify {unknown}
 e - 2 scrolls of teleportation
 f - a scroll of amnesia {unknown}
 g - a scroll of noise {unknown}
 i - 2 scrolls of vulnerability {unknown}
 j - a scroll of enchant weapon {unknown}
 q - a scroll of fog {unknown}
 t - a scroll of silence {unknown}
 u - 3 scrolls of enchant armour {unknown}
 x - a scroll of blinking {unknown}
Potions
 h - a potion of magic {unknown}
 k - a potion of brilliance
 m - a potion of lignification {unknown}
 w - a potion of heal wounds {unknown}


   Skills:
 - Level 3.0 Fighting
 - Level 9.0 Dodging
 - Level 2.0 Stealth
 - Level 2.0 Unarmed Combat
 - Level 4.0 Evocations
 * Level 7.5 Shapeshifting


You had 7 spell levels left.
You didn't know any spells.
Your spell library contained the following spells:

 Spells                   Type           Power      Damage    Failure   Level
 Ensorcelled Hibernation  Hex/Ice        0%         N/A       43%         2
 Passwall                 Tmut/Erth      0%         N/A       43%         2
 Poisonous Vapours        Pois/Air       0%         N/A       43%         2
 Ignite Poison            Fire/Tmut/Pois 0%         N/A       67%         3
 Mephitic Cloud           Conj/Pois/Air  0%         N/A       67%         3
 Swiftness                Air            0%         N/A       67%         3
 Sticky Flame             Conj/Fire      0%         2d3       97%         4
 Freezing Cloud           Conj/Ice/Air   0%         6-21      100%        5
 Ignition                 Fire           0%         3d3       100%        8


Dungeon Overview and Level Annotations

Branches:
Dungeon (6/15)
 Temple: D:4-7

Altars:
Ashenzari
Cheibriados
Elyvilon
Fedhas
Hepliaklqana
Okawaru
Ru
Trog
Uskayaw
Yredelemnul

Shops:
D:5 :

Annotations:
D:4 Prince Ribbit
D:5 2 transporters, Ahpoh's ghost, novice BaFi
D:6 Jeremiah


Innate Abilities, Weirdness & Mutations

You have sharp claws.
You have razor-sharp teeth.
You have supernaturally acute eyesight. (SInv)
You cover ground quickly. (Speed+)
You are covered in thick fur. (AC +2)
Your paws help you pounce on unaware monsters.
You are incapable of wielding weapons or throwing items.
You cannot wear armour.
You gain extra lives every three experience levels.


Message History

You rejoin the land of the living...
You completely miss the orc warrior. Your claw misses the orc warrior.
The orc warrior is severely wounded.
The orc warrior closely misses you.
You scratch the orc warrior.
The orc warrior is severely wounded.
You block the orc warrior's attack.
You barely miss the orc warrior.
You bite the orc warrior, but do no damage.
The orc warrior is severely wounded.
You scratch the orc warrior.
You bite the orc warrior, but do no damage.
The orc warrior is almost dead.
You block the orc warrior's attack.
You closely miss the orc warrior. Your bite misses the orc warrior.
The orc warrior is almost dead.
The orc warrior hits you with a +0 flail!
You scratch the orc warrior but do no damage.
You bite the orc warrior, but do no damage.
The orc warrior is almost dead.
The orc warrior hits you with a +0 flail!
* * * LOW HITPOINT WARNING * * *
You scratch the orc warrior but do no damage.
The orc warrior is almost dead.
The orc warrior completely misses you.
You barely miss the orc warrior.
You bite the orc warrior, but do no damage.
The orc warrior is almost dead.
You block the orc warrior's attack.
You completely miss the orc warrior. You bite the orc warrior.
The orc warrior is almost dead.
The orc warrior hits you with a +0 flail!
* * * LOW HITPOINT WARNING * * *
You scratch the orc warrior but do no damage.
The orc warrior is almost dead.
The orc warrior completely misses you.
You barely miss the orc warrior.
The orc warrior is almost dead.
The orc warrior hits you with a +0 flail!
You die...

#........# #.#....
#........# #.#....
#........# #.#....
#........# #.#....
#........#
########......
#........#
#......#######
#........####
#......#
#...........#
#......#
###########@#
#......# #o# #......#
##.###......#######
##..†o..............
##..####......#######
#..## #......# #.##
#......# ##.#
#.......# #.†#
#..)..#...#


You could see an orc warrior.

Vanquished Creatures
  A two-headed ogre (D:6)
  An orc warrior (D:4)
  An ogre (D:5)
  A centaur (D:5)
  4 scorpions
  5 hounds
  An orc priest (D:6)
  A sleepcap (D:5)
  2 iguanas (D:5)
  An orc wizard (D:5)
  4 gnolls (D:4)
  4 adders
  A white imp (D:5)
  2 ufetubi (D:6)
  2 worms
  4 dart slugs
  10 orcs
  6 endoplasms
  2 giant cockroaches (D:1)
  5 goblins
  8 hobgoblins
  8 jackals
  3 quokkas
  6 ball pythons
  10 bats
  7 frilled lizards
  6 kobolds
  4 rats
110 creatures vanquished.

Vanquished Creatures (collateral kills)
  An orc priest (D:4)
1 creature vanquished.

Grand Total: 111 creatures vanquished

Notes
Turn   | Place    | Note
-------+----------+-------------------------------------------
     0 | D:1      | avis the Felid Artificer began the quest for the Orb.
     0 | D:1      | Reached XP level 1. HP: 9/9 MP: 2/2
   268 | D:1      | Reached XP level 2. HP: 13/13 MP: 3/3
   836 | D:2      | Reached skill level 4 in Dodging
  1089 | D:2      | Reached skill level 1 in Unarmed Combat
  1133 | D:2      | Reached XP level 3. HP: 16/16 MP: 4/4
  1935 | D:3      | Reached skill level 5 in Dodging
  2204 | D:3      | Reached XP level 4. HP: 19/19 MP: 5/5
  2467 | D:3      | Found a faded altar of an unknown god.
  2535 | D:3      | Found a blossoming altar of Fedhas.
  2615 | D:3      | Found a faded altar of an unknown god.
  2619 | D:3      | Found a hide-covered altar of Uskayaw.
  2645 | D:3      | Found a sacrificial altar of Ru.
  3182 | D:4      | Found a snail-covered altar of Cheibriados.
  3452 | D:4      | Noticed a scorpion
  3453 | D:4      | Killed a scorpion
  3454 | D:4      | Reached skill level 6 in Dodging
  3454 | D:4      | Reached XP level 5. HP: 22/22 MP: 6/6
  3647 | D:4      | Reached skill level 7 in Dodging
  3765 | D:4      | Noticed an orc warrior
  3797 | D:4      | Killed an orc warrior
  3798 | D:4      | Gained mutation: You are covered in thick fur. (AC +2)
                  | [Felid growth]
  3798 | D:4      | Reached XP level 6. HP: 10/26 MP: 7/7
  4058 | D:5      | Entered Level 5 of the Dungeon
  4058 | D:5      | Noticed Prince Ribbit
  4058 | D:5      | Found a hazy altar of Hepliaklqana.
  4171 | D:4      | HP: 1/26 [poisoned by a scorpion]
  4224 | D:4      | HP: 1/26 [poisoned by a scorpion]
  4225 | D:4      | Succumbed to a scorpion's poison
  4273 | D:4      | Reached skill level 8 in Dodging
  4273 | D:4      | Reached skill level 1 in Shapeshifting
  4507 | D:5      | Reached XP level 7. HP: 16/30 MP: 8/8
  4703 | D:5      | Noticed Ahpoh's ghost (novice BaFi)
  4706 | D:5      | Found a transporter.
  4707 | D:5      | Found a transporter.
  4982 | D:5      | Noticed a walking divine tome
  4983 | D:5      | Found Vugi Yhohida's Book Shop.
  4983 | D:5      | Noticed a walking divine tome
  5013 | D:5      | Reached skill level 9 in Dodging
  5173 | D:5      | Found a basalt altar of Yredelemnul.
  5173 | D:5      | Found a white marble altar of Elyvilon.
  5184 | D:5      | Found an iron altar of Okawaru.
  5186 | D:5      | Found a bloodstained altar of Trog.
  5187 | D:5      | Found a broken altar of Ashenzari.
  5270 | D:6      | Noticed Jeremiah
  5543 | D:6      | Reached skill level 5 in Shapeshifting
  5797 | D:6      | Noticed a two-headed ogre
  5808 | D:6      | Slain by a two-headed ogre
  5836 | D:6      | Killed a two-headed ogre
  5837 | D:6      | Reached XP level 8. HP: 34/34 MP: 9/9
  5855 | D:6      | Slain by an orc warrior
  5875 | D:6      | Slain by an orc warrior

Illustrated notes

Levels and vault maps discovered:
D:1:      scummos_arrival_hexagon, layout_basic
D:2:      layout_basic, st_stairs_11, grunt_decor_resistance,
          nicolae_kite_square_tiling_tiny, chequers_serial_rivers_room_a,
          chequers_serial_rivers_marsh, nrook_uturn
D:3:      layout_loops_ring, nicolae_overflow_ecumenical_swirl,
          nicolae_ru_sacrificial_ziggurat, mainiacjoe_overflow_six_doors_small,
          hellmonk_ecumenical_altar_zigzags, kennysheep_generic_room_16
D:4:      layout_loops_cross, slow_altar_1
D:5:      layout_basic, mainiacjoe_overflow_paths,
          chequers_temple_overflow_minitemple, gammafunk_ghost_arena,
          serial_shops, nicolae_shop_mannequins, minivault_23, minivault_26,
          uniq_prince_ribbit1
D:6:      layout_basic, minmay_temple_entry_nine_rooms, kb_rosetta,
          uniq_jeremiah

Skill      XL: |  1  2  3  4  5  6  7 |
---------------+----------------------+-----
Fighting       | 2 3 |  3.0
Dodging        | 4 5 6 7 8 9 |  9.0
Unarmed Combat | 1 2 |  2.0
Stealth        | 2 |  2.0
Evocations     | 4 |  4.0
Shapeshifting  | 2 7 |  7.5

Action                     |  1- 3 |  4- 6 |  7- 9 || total
---------------------------+-------+-------+-------++-------
  Melee: Unarmed           |   172 |   133 |   146 ||   451
         Bite              |    19 |    15 |    27 ||    61
         Punch             |     5 |     4 |     3 ||    12
  Evoke: Wand              |       |    22 |    10 ||    32
    Use: Scroll            |       |     1 |       ||     1
         Potion            |       |     3 |       ||     3
   Stab: Sleeping          |    10 |     7 |     1 ||    18
 Armour: Skin              |    30 |    26 |    31 ||    87
  Dodge: Dodged            |   131 |    98 |   141 ||   370
  Block: Other             |       |    31 |    33 ||    64
         Reflection        |       |     2 |       ||     2

Table legend: (Time is in decaauts)
 A = Elapsed time spent in this place.
 B = Non-inter-level travel time spent in this place.
 C = Inter-level travel time spent in this place.
 D = Time resting spent in this place.
 E = Time spent auto-exploring this place.
 F = Levels seen in this place.
 G = Mean time per level.
                   A        B        C        D        E       F      G
               +--------+--------+--------+--------+--------+-----+--------+
         Total |   5041 |   4397 |    644 |    857 |   2079 |   6 |  840.2 |
       Dungeon |   5041 |   4397 |    644 |    857 |   2079 |   6 |  840.2 |
               +--------+--------+--------+--------+--------+-----+--------+

Top non-repeatable levels by time:
     D:5: 1144 daAuts
     D:3: 991 daAuts
     D:4: 961 daAuts
     D:2: 918 daAuts
     D:1: 765 daAuts
     D:6: 260 daAuts
